 Dungeon Crawl Stone Soup version 0.18.1-48-g4cf74bf (console) character file.

161 Kloppie the Shield-Bearer (level 5, -2/45 HPs)
             Began as a Hill Orc Fighter on July 9, 2016.
             Slain by Krovax444's ghost (3 damage)
             ... on level 3 of the Dungeon.
             The game lasted 00:03:32 (2186 turns).

Kloppie the Shield-Bearer (Hill Orc Fighter)        Turns: 2186, Time: 00:03:33

Health: -2/45      AC:  6    Str: 19    XL:     5   Next: 42%
Magic:  5/5        EV:  7    Int: 13    God:
Gold:   133        SH: 10    Dex: 11    Spells: 0 memorised, 4 levels left

rFire  . . .     SeeInvis .     a - +1 flail (drain)
rCold  . . .     Gourm    .     b - +0 scale mail
rNeg   . . .     Faith    .     c - +0 shield
rPois  .         Spirit   .     (no helmet)
rElec  .         Dismiss  .     (no cloak)
rCorr  .         Reflect  .     (no gloves)
SustAt .         Harm     .     (no boots)
MR     .....                    (no amulet)
Stlth  ..........               (no ring)
                                (no ring)

@: brilliant, hasted and slowed, glowing, not resistant to hostile enchantments,
extremely unstealthy
A: no striking features
a: no special abilities


You were on level 3 of the Dungeon.
You were not hungry.

You visited 1 branch of the dungeon, and saw 3 of its levels.

You collected 133 gold pieces.

Inventory:

Hand Weapons
 a - a +1 flail of draining (weapon)
 s - a +0 flail
Armour
 b - a +0 scale mail (worn)
 c - a +0 shield (worn)
 n - a cursed +0 ring mail
Jewellery
 i - an uncursed amulet of dismissal {unknown}
Scrolls
 e - a scroll of recharging {unknown}
 h - a scroll of random uselessness {unknown}
 j - a scroll of enchant armour {unknown}
 k - 4 scrolls of identify {unknown}
 l - a scroll of immolation {unknown}
 o - a scroll of blinking {unknown}
 q - 3 scrolls of teleportation {unknown}
Potions
 r - a potion of ambrosia {unknown}
Comestibles
 f - 3 bread rations
 p - 8 chunks of flesh
 t - a meat ration


   Skills:
 - Level 3.6 Fighting
 + Level 4.4 Maces & Flails
 - Level 3.2 Armour
 + Level 5.2 Shields


You had 4 spell levels left.
You didn't know any spells.

Dungeon Overview and Level Annotations

Branches:
Dungeon (2/15)

Altars:
Ashenzari

Annotations:
D:3 Krovax444's ghost, amateur SpAM; Robin


Message History

Krovax444's ghost hits you.
* * * LOW HITPOINT WARNING * * *
The hobgoblin hits you but does no damage.
Krovax444's ghost casts a spell at you.
You are outlined in light.
You block the hobgoblin's attack.
Krovax444's ghost hits you but does no damage.
Krovax444's ghost hits you!
* * * LOW HITPOINT WARNING * * *
You block the hobgoblin's attack. Krovax444's ghost hits you.
* * * LOW HITPOINT WARNING * * *
Drink which item? (? for menu, Esc to quit)
It was a potion of brilliance.
You feel clever all of a sudden. You block Krovax444's ghost's attack.
Drink which item? (? for menu, Esc to quit)
It was a potion of haste.
You feel yourself speed up. The hobgoblin hits you.
* * * LOW HITPOINT WARNING * * *
Krovax444's ghost hits you.
You die...

..g######.......... #.# #W.#
#.g## #..#######.##.# #..#
##gg# #..# #.##.###..# ##.#
#.?# #.........# ##.# #<.#
#.........# ##.g#####g.#
#..#####..# #...g..##g.# .#
#..# ...###.##..#######(.#
#..# ...........lgggg@...#
#..#
..####....gggggWg.#.#####..#
## ##############........#
..######.# #.# #.# #.# #.#
#.#


You could see Krovax444's ghost, 4 hobgoblins, 6 goblins and a giant newt.

Vanquished Creatures
  An orc priest (D:3)
  Jessica (D:2)
  An orc wizard (D:3)
  2 adders (D:2)
  2 oozes
  2 giant geckos
  8 orcs (D:3)
  A giant cockroach (D:2)
  3 goblins
  5 hobgoblins
  8 kobolds
  A ball python (D:2)
  5 bats (D:1)
  3 giant newts
  5 rats (D:1)
48 creatures vanquished.

Notes
Turn   | Place    | Note
--------------------------------------------------------------
     0 | D:1      | Kloppie the Hill Orc Fighter began the quest for the Orb.
     0 | D:1      | Reached XP level 1. HP: 19/19 MP: 1/1
   120 | D:1      | Found a shattered altar of Ashenzari.
   265 | D:1      | Reached XP level 2. HP: 26/26 MP: 2/2
   595 | D:1      | Reached skill level 4 in Shields
   595 | D:1      | Reached XP level 3. HP: 26/31 MP: 3/3
  1516 | D:2      | Noticed Jessica
  1523 | D:2      | Killed Jessica
  1523 | D:2      | Reached XP level 4. HP: 15/39 MP: 4/4
  1721 | D:2      | You fall through a shaft!
  2058 | D:3      | Reached skill level 5 in Shields
  2058 | D:3      | Reached XP level 5. HP: 5/45 MP: 5/5
  2138 | D:3      | Noticed Krovax444's ghost (amateur SpAM)
  2158 | D:3      | Noticed Robin
  2184 | D:3      | HP: 2/45 [Krovax444's ghost (5)]
  2186 | D:3      | Slain by Krovax444's ghost

Skill      XL: |  1  2  3  4 |
---------------+-------------+-----
Maces & Flails | 3 4 |  4.4
Shields        | 4 5 |  5.2
Fighting       | |  3.6
Armour         | |  3.2

Action                   |  1- 3 |  4- 6 || total
-------------------------+-------+-------++-------
Melee: Flail             |   136 |    40 ||   176
  Use: Potion            |       |     3 ||     3
  Eat: Chunk             |     2 |     2 ||     4
Armor: Scale mail        |    61 |    24 ||    85
Dodge: Dodged            |    47 |     9 ||    56
Block: Shield            |    82 |    22 ||   104
